Cogmind - Beta 13 @@@ ROGUE MODE // 2024.05.21 @ 22:26:42 Player: CrossedViper Result: Destroyed by 7M-HOA(R) with Subdweller Laser Performance ------------- Evolutions (0) 0 Regions Visited (3) 600 Robots Destroyed (42) 210 Value Destroyed (1222) 1222 Prototype IDs (0) 0 Alien Tech Used (0) 0 Bonus (0) 0 TOTAL SCORE: 2032 Bonus ------- None Cogmind --------- Core Integrity 0/250 Matter 218/300 Energy 263/265 System Corruption 0% Temperature Cool (6) Movement Treading (360) Ox2 Location -10/Subcaves Parts ------- > --- POWER (1) -------- Reinforced Ion Engine > --- PROPULSION (2) --- Spiked Treads > --- UTILITY (2) ------ High-capacity Storage Unit > --- WEAPON (2) ------- Subdweller Machine Gun Subdweller Machine Gun > --- INVENTORY (20) --- Cargo Legs Armored Wheel Armored Wheel Scrap Shield Hacking Suite Subdweller Laser Battle Rifle Subdweller Machine Gun Rocket Launcher Datajack Peak State ------------ > --- POWER ------------ Reinforced Ion Engine > --- PROPULSION ------- Light Treads Light Treads > --- UTILITY ---------- Large Storage Unit Makeshift Light Armor Plating > --- WEAPON ----------- Subdweller Beam Cannon Subdweller Machine Gun > --- INVENTORY -------- Reinforced Ion Engine Light Treads Spiked Treads Cargo Legs Armored Wheel Armored Wheel Armored Wheel High-capacity Storage Unit Hacking Suite Battle Rifle Subdweller Machine Gun Battle Cannon Rocket Launcher Datajack [Rating: 17] Favorites ----------- Power Reinforced Ion Engine Engine Reinforced Ion Engine Propulsion Light Treads Treads Light Treads Utility Large Storage Unit Storage Large Storage Unit Protection Scrap Shield Weapon Subdweller Machine Gun Energy Gun Medium Laser Energy Cannon Subdweller Beam Cannon Ballistic Gun Subdweller Machine Gun Ballistic Cannon Battle Cannon Launcher Rocket Launcher Build | -11 -10 -10 -10 ------- Run | Yrd Mat Min Sub Slots Evolved . | . . . . Power . | . . . . Propulsion . | . . . . Utility . | . . . . Weapon . | . . . . Parts Attached 35 | 6 6 3 20 Power 3 | 1 1 . 1 Engine 3 | 1 1 . 1 Core . | . . . . Reactor . | . . . . Propulsion 6 | 2 2 . 2 Treads 6 | 2 2 . 2 Leg . | . . . . Wheel . | . . . . Hover . | . . . . Flight . | . . . . Utility 9 | 1 2 . 6 Device . | . . . . Storage 5 | 1 2 . 2 Processor . | . . . . Hackware . | . . . . Protection 4 | . . . 4 Artifact . | . . . . Weapon 17 | 2 1 3 11 Energy Gun 1 | . 1 . . Energy Cannon 1 | . . . 1 Ballistic Gun 11 | 2 . 1 8 Ballistic Cannon 2 | . . 1 1 Launcher 2 | . . 1 1 Special Weapon . | . . . . Impact Weapon . | . . . . Slashing Weapon . | . . . . Piercing Weapon . | . . . . Special Melee Weapon . | . . . . Unidentified Prototypes . | . . . . Parts Lost 6 | . 1 . 5 Power . | . . . . Propulsion 3 | . 1 . 2 Utility 1 | . . . 1 Weapon 2 | . . . 2 Highest Loss Streak 2 | . 1 . 2 To Critical Strikes . | . . . . Average Slot Usage (%) 86 | . 84 85 87 Engine 13 | . 13 14 14 Treads 27 | . 27 28 26 Storage 10 | . 14 14 8 Protection 6 | . . . 9 Energy Gun 1 | . . 13 . Energy Cannon 3 | . . . 5 Ballistic Gun 19 | . 26 13 17 Ballistic Cannon 3 | . . . 4 Naked Turns . | . . . . Heaviest Build 58 | 11 53 35 58 Greatest Support 40 | 40 40 40 40 Greatest Overweight (x) 2 | . 1 . 2 Average Overweight (x) . | . . . . Largest Inventory Capacity 20 | 8 20 15 20 Average Capacity 12 | 7 18 15 11 Most Carried 15 | 2 13 15 15 Average Carried 9 | . 7 14 10 Final Capacity 20 | 8 15 15 20 Final Carried 15 | 2 13 15 12 Class Distribution -------------------- 74% | Mutant 25% | Subdweller-Mutant Dominant Class ---------------- Mutant | -10/Materials Mutant | -10/Mines Mutant | -10/Subcaves Resources | -11 -10 -10 -10 ----------- Run | Yrd Mat Min Sub Matter Collected 1240 | 257 277 66 640 Remotely . | . . . . Salvage Created 1283 | . 527 94 662 Parts 95 | . 38 8 49 Haulers Intercepted 2 | . 2 . . Recyclers Shooed . | . . . . Parts Field Recycled . | . . . . Retrieved Matter . | . . . . Parts Self-Destructed 15 | . . . 15 Prevented . | . . . . Kills | -11 -10 -10 -10 ------- Run | Yrd Mat Min Sub Combat Hostiles Destroyed 35 | . 10 2 23 Guns 23 | . 10 . 13 Cannons 10 | . . . 10 AOE 2 | . . 2 . Classes Destroyed 10 | . 5 1 4 Worker 1 | . 1 . . Tunneler 1 | . . 1 . Hauler 2 | . 2 . . Operator 2 | . 2 . . Watcher 1 | . 1 . . Swarmer 7 | . . . 7 Grunt 12 | . 10 2 . Sentry 1 | . . . 1 Artisan 2 | . . . 2 Subdweller 15 | . . . 15 Best Kill Streak 3 | . 3 2 3 Combat Bots Only 3 | . 2 2 3 Max Kills in Single Turn 2 | . 1 2 2 Gunslinging 1 | . . . 1 Exploded 2 | . . 2 . Melee . | . . . . Uniques/NPCs Destroyed . | . . . . Combat | -11 -10 -10 -10 -------- Run | Yrd Mat Min Sub Hostile Shots Fired 158 | . 54 3 101 Missed 37 | . 12 1 24 Damage Taken 1904 | . 569 26 1309 Core 264 | . 109 14 141 Absorbed by Shields . | . . . . Regen/Repaired (Parts) 126 | . 126 . . Core Remaining (%) 100 | 100 . . . Volleys Fired 197 | . 64 14 119 Largest 2 | . 2 2 2 Hottest 119 | . 70 70 119 Shots Fired 355 | . 128 17 210 Gun 263 | . 128 6 129 Cannon 89 | . . 9 80 Launcher 3 | . . 2 1 Special . | . . . . Kinetic 307 | . 125 12 170 Thermal 45 | . 3 3 39 Explosive 3 | . . 2 1 Electromagnetic . | . . . . Robot Hit Streak 19 | . 12 7 19 Robot Miss Streak 5 | . 5 . 3 Penetration Max . | . . . . Secondary Targets 2 | . . . 2 Max Gunslinging Chain 1 | . . . 1 Shots Hit Robots 184 | . 79 6 99 Core Hits 72 | . 31 5 36 Critical Kills . | . . . . Critical Parts Destroyed 1 | . . . 1 Critical Strikes 1 | . . . 1 Destroy 1 | . . . 1 Melee Attacks . | . . . . Impact . | . . . . Slashing . | . . . . Piercing . | . . . . Sneak Attacks . | . . . . Combat Hostiles . | . . . . Follow-up Attacks . | . . . . Damage Inflicted 3134 | . 937 158 2039 Guns 2439 | . 926 67 1446 Cannons 593 | . . . 593 Explosions 80 | . . 80 . Melee . | . . . . Ramming 22 | . 11 11 . Kinetic 2632 | . 926 28 1678 Thermal 400 | . . 39 361 Explosive 80 | . . 80 . Electromagnetic . | . . . . Impact . | . . . . Slashing . | . . . . Piercing . | . . . . Highest Corruption . | . . . . Average Corruption . | . . . . Corruption Purged . | . . . . Corruption Blocked . | . . . . Overload Shots . | . . . . Overflow Damage . | . . . . Projectiles . | . . . . Explosions . | . . . . Melee . | . . . . Knockbacks 3 | . . . 3 Impact . | . . . . Kinetic 2 | . . . 2 Secondary 1 | . . . 1 Self-Inflicted Damage . | . . . . Shots . | . . . . Rammed 3 | . 1 2 . Targets Rammed 4 | . 2 2 . Kicked . | . . . . Crushed 1 | . 1 . . Highest Temperature 85 | . 85 42 54 Average Temperature 22 | . 24 20 20 Received Heat Transfer 594 | . 339 33 222 Siege Activations . | . . . . Robots Corrupted . | . . . . Combat Hostiles . | . . . . Parts Fried . | . . . . Impact Corruptions . | . . . . Robots Melted . | . . . . Combat Hostiles . | . . . . Parts Melted 1 | . . . 1 Heat Transferred 592 | . . 111 481 Parts Sabotaged . | . . . . Parts Stolen . | . . . . Parts Stripped . | . . . . Power Chain Reactions . | . . . . Alert | -11 -10 -10 -10 ------- Run | Yrd Mat Min Sub Peak Influence 130 | . 130 81 . Initial 16 | . . 16 . Average 22 | . 25 21 . Maximum Alert Level . | . . . . Low Security (%) 100 | 100 100 100 . Level 1 . | . . . . Level 2 . | . . . . Level 3 . | . . . . Level 4 . | . . . . Level 5 . | . . . . High Security . | . . . . Max Security . | . . . . Squads Dispatched 2 | . 2 . . Investigation 1 | . 1 . . Extermination . | . . . . Reinforcement 1 | . 1 . . Assault . | . . . . Garrison . | . . . . Intercept . | . . . . Searches Triggered . | . . . . Construction Impeded . | . . . . Haulers Reinforced . | . . . . Active Scanning Responses . | . . . . Cargo Convoy Interrupts . | . . . . Stealth | -11 -10 -10 -10 --------- Run | Yrd Mat Min Sub Distress Signals . | . . . . Communications Jammed . | . . . . Distress Signals . | . . . . Times Spotted 54 | . 27 2 25 Peak Tracking Total 4 | . 4 2 4 Tactical Retreats 2 | . 1 . 1 Traps | -11 -10 -10 -10 ------- Run | Yrd Mat Min Sub Traps Triggered 1 | . . . 1 Indirectly . | . . . . Trap Hack Attempts . | . . . . Triggered . | . . . . Disarmed . | . . . . Reprogrammed . | . . . . Reused . | . . . . Traps Extracted . | . . . . Installed . | . . . . Triggered . | . . . . Machines | -11 -10 -10 -10 ---------- Run | Yrd Mat Min Sub Machines Disabled . | . . . . Max in Single Turn . | . . . . Machines Repaired . | . . . . Machines Dismantled . | . . . . Machines Sabotaged . | . . . . Overloaded Fab Kills . | . . . . Hacking | -11 -10 -10 -10 --------- Run | Yrd Mat Min Sub Machines Accessed 5 | . 4 . 1 Terminals 3 | . 3 . . Fabricators . | . . . . Repair Stations 1 | . 1 . . Recycling Units . | . . . . Scanalyzers . | . . . . Garrison Access . | . . . . Total Hacks 16 | . 15 . 1 Successful 8 | . 7 . 1 Failed 7 | . 7 . . Catastrophic . | . . . . Database Lockouts 1 | . 1 . . Manual 6 | . 6 . . Terminals 12 | . 12 . . Fabricators . | . . . . Repair Stations 3 | . 3 . . Recycling Units . | . . . . Scanalyzers . | . . . . Garrison Access . | . . . . Terminal Hacks 6 | . 5 . 1 Record 1 | . . . 1 Robot Analysis 2 | . 2 . . Terminal Index 1 | . 1 . . Alert Level 1 | . 1 . . Unreport Threat 1 | . 1 . . Fabricator Hacks . | . . . . Repair Station Hacks 2 | . 2 . . Scan Component 1 | . 1 . . Repair 1 | . 1 . . Recycling Unit Hacks . | . . . . Scanalyzer . | . . . . Garrison Access Hacks . | . . . . Unauthorized Hacks . | . . . . Terminals . | . . . . Fabricators . | . . . . Repair Stations . | . . . . Recycling Units . | . . . . Scanalyzers . | . . . . Garrison Access . | . . . . Data Cores Recovered 1 | . 1 . . Used . | . . . . Hacking Detections 4 | . 4 . . Full Trace Events 2 | . 2 . . Feedback Events . | . . . . Feedback Blocked . | . . . . Robot Schematics Acquired . | . . . . Robots Built . | . . . . Authchips . | . . . . Time . | . . . . Total Robot Build Rating . | . . . . Part Schematics Acquired . | . . . . Parts Built . | . . . . Authchips . | . . . . Time . | . . . . Total Part Build Rating . | . . . . Parts Repaired 1 | . 1 . . Time 26 | . 26 . . Parts Recycled . | . . . . Recycled Matter . | . . . . Retrieved Matter . | . . . . Retrieved Components . | . . . . Parts Scanalyzed . | . . . . Part Schematics Acquired . | . . . . Parts Damaged . | . . . . Bothacking | -11 -10 -10 -10 ------------ Run | Yrd Mat Min Sub Used RIF Installer . | . . . . Robots Hacked . | . . . . Non-combat . | . . . . Combat . | . . . . Robot Hacks Applied . | . . . . Relay Couplers Released . | . . . . Fabnet Peak Effective % . | . . . . Robots Rewired . | . . . . Allies Hacked . | . . . . Hacks Repelled . | . . . . Allies | -11 -10 -10 -10 -------- Run | Yrd Mat Min Sub Total Allies . | . . . . Largest Group . | . . . . Highest-Rated Group . | . . . . Highest-Rated Ally . | . . . . Total Orders . | . . . . Ally Attacks . | . . . . Total Damage . | . . . . Kills . | . . . . Allies Corrupted . | . . . . Allies Melted . | . . . . Intel | -11 -10 -10 -10 ------- Run | Yrd Mat Min Sub Robot Analysis Total 2 | . 2 . . Derelict Logs Recovered 3 | . . 1 2 Drone Launches . | . . . . Drone Recoveries . | . . . . Exploration | -11 -10 -10 -10 ------------- Run | Yrd Mat Min Sub Turns Passed 6041 | 81 1162 572 4226 Spaces Moved 2381 | 47 444 301 1589 Core 4 | 4 . . . Treads 2377 | 43 444 301 1589 Legs . | . . . . Wheels . | . . . . Hover . | . . . . Flight . | . . . . Fastest Speed 50 | 50 160 160 160 Average Speed 203 | 150 205 160 213 Slowest Speed 360 | 160 240 160 360 Overloaded Moves . | . . . . Propulsion Burnouts . | . . . . Robots Hopped . | . . . . Cave-ins Triggered . | . . . . Exploration Rate (%) 54 | 4 55 74 86 Regions Visited 3 Branch Regions 2 Pre-discovered Areas 2 | . . . 2 Known Exits Taken . | . . . . Unknown Exits Taken 3 | 1 1 1 . Scrap Searched 6 | . . . 6 Spaces Dug 37 | . . 14 23 Terrain Destroyed 56 | . . 25 31 Melee . | . . . . Projectile 21 | . . 1 20 AOE 35 | . . 24 11 Terrain Rammed . | . . . . Walls Destroyed . | . . . . Machines Disabled . | . . . . Actions | -11 -10 -10 -10 --------- Run | Yrd Mat Min Sub Total 3227 | 54 579 372 2222 Wait 526 | . 43 51 432 Move 2378 | 46 443 300 1589 Hop . | . . . . Pick Up 44 | 2 15 2 25 Fast Attach 17 | 6 3 . 8 Attach 9 | . 3 . 6 Detach 1 | . 1 . . Swap 9 | . . 3 6 Drop 39 | . 5 . 34 Fire 197 | . 64 14 119 Melee . | . . . . Ram . | . . . . Kick . | . . . . Crush 4 | . 2 2 . Escape Stasis . | . . . . Rewire . | . . . . Trap . | . . . . Miscellaneous 3 | . . . 3 Route ------- -11/Scrapyard -10/Materials (discovered 2 exits: [*Mat] / [*Min]) -10/Mines (discovered 2 exits: [*Mat] / *Sub) -10/Subcaves (discovered 2 exits: [*Mat x2]) History --------- Turn | Location | Event 3 | -11/Scrapyard | Discovered new exit (range 15) 82 | -11/Scrapyard | Entered Materials 298 | -10/Materials | Central database locked down 305 | -10/Materials | Build established: Mutant 923 | -10/Materials | Discovered new exit (range 14) 961 | -10/Materials | Repaired Lgt. Treads 1232 | -10/Materials | Discovered new exit (range 6) 1244 | -10/Materials | Entered Mines 1260 | -10/Mines | Discovered new exit (range 11) 1356 | -10/Mines | A weapon hastily lodged in a ceiling crevice suddenly fell to the ground 1459 | -10/Mines | Received a Rocket Launcher from a helpful Derelict 1545 | -10/Mines | Learned Materials emergency access door positions 1811 | -10/Mines | Discovered new exit (range 4) 1816 | -10/Mines | Entered Subcaves 1924 | -10/Subcaves | Discovered new exit (range 10) 2311 | -10/Subcaves | Learned location of Zion (-7) 2311 | -10/Subcaves | Met a Zionite searching for "candidates" 2479 | -10/Subcaves | Shifting Twisted Machinery released Battle Rifle 2536 | -10/Subcaves | A Subdweller sparked back to life 2536 | -10/Subcaves | A Subdweller sparked back to life 2536 | -10/Subcaves | A Subdweller sparked back to life 2541 | -10/Subcaves | Core integrity fell below 50% 2577 | -10/Subcaves | Found Prototype Leg 2709 | -10/Subcaves | Shifting Twisted Machinery released Sub. Machine Gun 2711 | -10/Subcaves | Shifting Twisted Machinery released Barrage Gun 2739 | -10/Subcaves | A swath of the cavern ceiling suddenly collapsed 3202 | -10/Subcaves | Learned Materials trap positions 3526 | -10/Subcaves | Core integrity fell below 20% 3617 | -10/Subcaves | Disturbed a concealed Subdweller 3853 | -10/Subcaves | Build established: Subdweller-Mutant 4270 | -10/Subcaves | Build established: Mutant 4406 | -10/Subcaves | Shifting Twisted Machinery released Battle Rifle 4698 | -10/Subcaves | Shifting Twisted Machinery released Sub. Power Source 4797 | -10/Subcaves | Discovered new exit (range 14) 4814 | -10/Subcaves | Visited Clippyterm 5167 | -10/Subcaves | Build established: Subdweller-Mutant 6042 | -10/Subcaves | Destroyed by 7M-HOA(R) with Subdweller Laser Last Messages --------------- 05707_ Switching to secondary target: S-10 Pest. 05707_ S-10 Pest destroyed. 05713_ S-10 Pest suffers critical hit (Destroy). 05713_ Destroyed Lgt. Ion Engine. 05717_ Flight Unit fries itself beyond repair. 05719_ S-10 Pest destroyed. 05722_ Acquired 16 matter. 05724_ Flight Unit fries itself beyond repair. 05725_ Acquired 24 matter. 05847_ Dropped Sub. Laser. 05847_ Acquired Hcp. Storage Unit. 05958_ XN-PA1(u) cries out in pain. 05958_ XN-PA1(u) destroyed. 05995_ Dropped Scrap Shield. 06000_ Acquired Scrap Shield. 06005_ Acquired Prototype Leg. 06009_ Acquired Arm. Wheel. 06019_ Acquired Battle Rifle. 06023_ Acquired Sub. Laser. 06033_ 7M-HOA(R): "SUBMAD!" Map ----- +----------------------------------------------------+ | ?????????????????????????????????????????????????? | | ?????????????????????????????????????????????????? | | ?????????????????????????????????????????????????? | | ?????????????????????????????????????????????????? | | ?????????????????????????????????????????????????? | | ???????????????????????###???????????????????????? | | ??????????????????????## ##?????######???????????? | | ?????????????????????##"" #??####"# ##??????????? | | ?????????????????????# """#?##""" #??????????? | | ?????????????????????# ""###"" #??????????? | | ?????????????????????# ##"" #???????????? | | ????????????????????## ##" #???????????? | | ????????????????????# "" #???????????? | | ????????????????????#### " ## #####???????????? | | ???????????????????????# " #####???????????????? | | ?????????????????????###*%" ##???????????????????? | | ????????????????????## ##??????????????????### | | ????????????????????# ##?????????????????### # | | ???????????????????## ""####????????????????# # # | | ???????????????????# #### ###?????????????## | | ?????????????????### ##?# ##???????????## ## | | ?????????????????# # ##??# #???????????# ## | | ?????????????????## ##### "#???????????## # | | ?????????????????# # R "## "#????????????# ## | | ?????????????????#### < &!# ############## # | | ???????????????????# !@"" " ## ## # | | ???????????????????#### # ## | | ??##??????????????????#!&### "## ## #? | | # ###???????????????## ## !"## #### #? | | #???????????????# " #??# #? | | ##??????????###### " ##?#### #? | | # ##???????????#"""## #???#####? | | ?###????????????#"" ## ### ## #???????? | | ???#####????????#"X #?#############???????? | | #### ##???????#"" ## ##????????????????????? | | # ## #######?#"""### ######???????????????? | | # # # ####### ##??????????????? | | # ## # #??????????????? | | #?????????????? | | ## ## #?????????????? | | ?## # ##### ## #?????????????? | | ??### #### ##???# ##?# #?????????????? | | ????####?? #????# #???? #?????????????? | | ?????????## #????# #?????#?????????????? | | ??????????# #???# #???????????????????? | | ??????????# ?? ### ??????????????????? | | ??????????# #? ??## ????????????????? | | ?????????? ?# ???## ###### ???????????????? | | ??????????# ?# ????# #?????# #??????????????? | | ?????????? ?## ????# ??????# ???????????????? | +----------------------------------------------------+ Best States ------------- Heat Dissipation 25 Energy Generation 12 Energy Capacity 265 Matter Stores 300 Matter Capacity 300 Sight Range 16 Terrain Scan Density 10 Armor Coverage 800 Evasion (%) 40 Recoil Reduction 2 Item Schematics ----------------- None Robot Schematics ------------------ None Fabricated ------------ Nothing Alien Tech Used ----------------- None Achievements -------------- None Challenges ------------ None Game ------ Seed FireVisualActivator Manual? 0 Play Time 00:20:04 Cumulative 791.1 hours Start 2024.05.21 @ 22:04:26 End 2024.05.21 @ 22:26:42 Sessions 1 Manual Loads 0 Difficulty Rogue Special Mode None Game No. 508 Rogue 501 Adventurer 0 Explorer 7 Win Type - Total 55 Types 20/5/19/2/0/1/6/1/1 Lore% 89 Gallery% 96 Achievement% 84 Wizard Run 0 Options --------- Layout 2 ASCII 0 Keyboard 0 Movement Numpad Keybinds 0 Fullscreen 1 Font 24/Tamsyn Map View 50x44 Zoom Use 0% Tactical HUD 1 Map Filters NONE Filters NONE Steam 1 RUN: 00f599f2-a269-4c09-880b-63cde0554072